IL
LOUISVILLE STALLIONS @ RICHMOND BRAVES
05/26/1982
 
TOP OF THE 1ST
Louisville Stallions batting - Pitching for Richmond Braves : RHP Mike Allen
Pitching: RHP Mike Allen
Batting: SHB Harry Chappas 0-0: Ball
1-0: Foul Ball, location: 2F
1-1: Called Strike
1-2: Ball
2-2: Strikes out looking
Batting: LHB Ted May 0-0: Ball
1-0: Called Strike
1-1: Foul Ball, location: 2F
1-2: Strikes out looking
Batting: LHB Lawrence Grahek 0-0: Ball
1-0: Ball
2-0: Foul Ball, location: 2F
2-1: Ball
3-1: Fly out, F9 (Line Drive, 9, EV 91.3 MPH)
Top of the 1st over - 0 runs, 0 hits, 0 errors, 0 left on base; Louisville 0 - Richmond 0
BOTTOM OF THE 1ST
Richmond Braves batting - Pitching for Louisville Stallions : RHP Roger Alexander
Pitching: RHP Roger Alexander
Batting: RHB Dave Stegman 0-0: Hit by Pitch
Batting: RHB Mike Fuentes 0-0: Called Strike
0-1: Called Strike
0-2: Ball
1-2: Ball
2-2: Foul Ball, location: 2F
2-2: DOUBLE (Line Drive, 8RXD, EV 97.5 MPH)
Dave Stegman to third
Runner from 3rd tries for Home, SAFE, throw by CF to home
Batting: SHB Howard Johnson 0-0: Ball
1-0: Called Strike
1-1: Ball
2-1: Fly out, F8 (Line Drive, 8LM, EV 93.8 MPH)
Batting: LHB Chris Evans 0-0: Ball
1-0: Called Strike
1-1: Called Strike
1-2: Strikes out swinging
Batting: RHB John Freitas 0-0: Called Strike
0-1: Called Strike
0-2: Fly out, F8 (Flyball, 78D, EV 85.0 MPH)
Bottom of the 1st over - 1 run, 1 hit, 0 errors, 1 left on base; Louisville 0 - Richmond 1
TOP OF THE 2ND
Louisville Stallions batting - Pitching for Richmond Braves : RHP Mike Allen
Batting: LHB Mauricio Gracia 0-0: Called Strike
0-1: Ball
1-1: Ground out 5-3 (Groundball, 56, EV 106.3 MPH)
Batting: LHB Steven Mobberley 0-0: Called Strike
0-1: Ball
1-1: Foul Ball, location: 2F
1-2: Ball
2-2: SINGLE (Groundball, 56D, EV 101.9 MPH)
Batting: RHB Kelly Heath 0-0: Ball
1-0: Swinging Strike
1-1: Ball
2-1: Foul Ball, location: 2F
2-2: Strikes out looking
Batting: LHB Joe Lefebvre 0-0: Fly out, F9 (Flyball, 89XD, EV 85.6 MPH)
Top of the 2nd over - 0 runs, 1 hit, 0 errors, 1 left on base; Louisville 0 - Richmond 1
BOTTOM OF THE 2ND
Richmond Braves batting - Pitching for Louisville Stallions : RHP Roger Alexander
Batting: LHB Matt Winters 0-0: Called Strike
0-1: SINGLE (Flyball, 6D, EV 83.8 MPH)
Batting: RHB Craig Kusick 0-0: Foul Ball, location: 2F
0-1: Ball
1-1: Ball
2-1: Swinging Strike
2-2: Foul Ball, location: 2F
2-2: Strikes out swinging
Batting: SHB Julio Cruz 0-0: Ball
1-0: Called Strike
1-1: Fly out, F7 (Flyball, 78S, EV 92.5 MPH)
Batting: SHB Donnie Scott 0-0: Swinging Strike
0-1: Ball
1-1: Fly out, F8 (Flyball, 8RS, EV 92.5 MPH)
Bottom of the 2nd over - 0 runs, 1 hit, 0 errors, 1 left on base; Louisville 0 - Richmond 1
TOP OF THE 3RD
Louisville Stallions batting - Pitching for Richmond Braves : RHP Mike Allen
Batting: LHB John Tucker 0-0: Called Strike
0-1: Foul Ball, location: 2F
0-2: Foul Ball, location: 2F
0-2: Foul Ball, location: 2F
0-2: Ball
1-2: Ball
2-2: Foul Ball, location: 2F
2-2: Ball
3-2: Foul Ball, location: 2F
3-2: Foul Ball, location: 2F
3-2: Foul Ball, location: 2F
3-2: Ground out 6-3 (Groundball, 6M, EV 88.8 MPH)
Batting: RHB Gordy Hodgson 0-0: Ball
1-0: Ball
2-0: Foul Ball, location: 2F
2-1: Called Strike
2-2: Ball
3-2: Foul Ball, location: 2F
3-2: Foul Ball, location: 2F
3-2: Foul Ball, location: 2F
3-2: Foul Ball, location: 2F
3-2: Base on Balls
Batting: SHB Harry Chappas 0-0: Called Strike
0-1: SINGLE (Line Drive, 9S, EV 88.8 MPH)
Gordy Hodgson to second
Runner from 2nd tries for 3rd, SAFE, throw by RF made to third
Batting: LHB Ted May 0-0: Ball
Harry Chappas steals 2nd base
1-0: Ball
2-0: Called Strike
2-1: Ball
3-1: SINGLE (Flyball, 7LS, EV 90.0 MPH)
Gordy Hodgson scores
Harry Chappas to third
Runner from 3rd tries for Home, SAFE, throw by LF to home
Batting: LHB Lawrence Grahek 0-0: Ball
1-0: Foul Ball, location: 2F
1-1: Ball
2-1: Ball
3-1: Called Strike
3-2: Foul Ball, location: 2F
3-2: Fly out, F6 (Popup, 6MS, EV 67.5 MPH)
Batting: LHB Mauricio Gracia 0-0: Called Strike
0-1: Ball
1-1: Ball
2-1: Foul Ball, location: 2F
2-2: Fly out, F5 (Line Drive, 5, EV 73.1 MPH)
Top of the 3rd over - 2 runs, 2 hits, 0 errors, 1 left on base; Louisville 2 - Richmond 1
BOTTOM OF THE 3RD
Richmond Braves batting - Pitching for Louisville Stallions : RHP Roger Alexander
Batting: RHB Dave Stegman 0-0: Ball
1-0: Foul Ball, location: 2F
1-1: Fly out, F8 (Flyball, 8LS, EV 87.5 MPH)
Batting: RHB Mike Fuentes 0-0: Called Strike
0-1: Swinging Strike
0-2: Foul Ball, location: 2F
0-2: Ball
1-2: Ball
2-2: Ball
3-2: Foul Ball, location: 2F
3-2: Foul Ball, location: 2F
3-2: Foul Ball, location: 2F
3-2: Base on Balls
Batting: SHB Howard Johnson 0-0: Foul Ball, location: 2F
0-1: Ball
1-1: Called Strike
Mike Fuentes steals 2nd base
1-2: Strikes out swinging
Batting: LHB Chris Evans 0-0: Ball
1-0: Called Strike
1-1: Called Strike
1-2: Strikes out swinging
Bottom of the 3rd over - 0 runs, 0 hits, 0 errors, 1 left on base; Louisville 2 - Richmond 1
TOP OF THE 4TH
Louisville Stallions batting - Pitching for Richmond Braves : RHP Mike Allen
Batting: LHB Steven Mobberley 0-0: Ball
1-0: Ball
2-0: Ball
3-0: Called Strike
3-1: Foul Ball, location: 2F
3-2: Fly out, F9 (Flyball, 9, EV 91.9 MPH)
Batting: RHB Kelly Heath 0-0: Called Strike
0-1: Swinging Strike
0-2: Ball
1-2: Strikes out looking
Batting: LHB Joe Lefebvre 0-0: Called Strike
0-1: Fly out, F8 (Flyball, 89D, EV 93.1 MPH)
Top of the 4th over - 0 runs, 0 hits, 0 errors, 0 left on base; Louisville 2 - Richmond 1
BOTTOM OF THE 4TH
Richmond Braves batting - Pitching for Louisville Stallions : RHP Roger Alexander
Batting: RHB John Freitas 0-0: Fly out, F7 (Flyball, 7, EV 95.6 MPH)
Batting: LHB Matt Winters 0-0: Called Strike
0-1: Ball
1-1: Ball
2-1: Ball
3-1: SINGLE (Flyball, 9LS, EV 94.4 MPH)
Batting: RHB Craig Kusick 0-0: Ball
1-0: Ball
2-0: Foul Ball, location: 2F
2-1: Grounds into double play, 6-4-3 (Groundball, 6, EV 93.1 MPH)
Bottom of the 4th over - 0 runs, 1 hit, 0 errors, 0 left on base; Louisville 2 - Richmond 1
TOP OF THE 5TH
Louisville Stallions batting - Pitching for Richmond Braves : RHP Mike Allen
Batting: LHB John Tucker 0-0: Foul Ball, location: 2F
0-1: SINGLE (Groundball, 56S, EV 62.5 MPH) (infield hit)
Batting: RHB Gordy Hodgson 0-0: Ball
1-0: Fly out, F8 (Line Drive, 8RM, EV 100.0 MPH)
Batting: SHB Harry Chappas 0-0: Ball
1-0: Called Strike
1-1: Ball
John Tucker is caught stealing 2nd base 2-6
2-1: Ground out 3-1 (Groundball, 34, EV 81.3 MPH)
Top of the 5th over - 0 runs, 1 hit, 0 errors, 0 left on base; Louisville 2 - Richmond 1
BOTTOM OF THE 5TH
Richmond Braves batting - Pitching for Louisville Stallions : RHP Roger Alexander
Batting: SHB Julio Cruz 0-0: Called Strike
0-1: Ground out 6-3 (Groundball, 6, EV 88.8 MPH)
Batting: SHB Donnie Scott 0-0: Called Strike
0-1: Ball
1-1: Ground out 5-3 (Groundball, 56S, EV 84.4 MPH)
Batting: RHB Dave Stegman 0-0: Ball
1-0: Called Strike
1-1: Foul Ball, location: 2F
1-2: Strikes out swinging
Bottom of the 5th over - 0 runs, 0 hits, 0 errors, 0 left on base; Louisville 2 - Richmond 1
TOP OF THE 6TH
Louisville Stallions batting - Pitching for Richmond Braves : RHP Mike Allen
Batting: LHB Ted May 0-0: Fly out, F8 (Flyball, 8LXD, EV 92.5 MPH)
Batting: LHB Lawrence Grahek 0-0: Ball
1-0: Foul Ball, location: 2F
1-1: Foul Ball, location: 2F
1-2: Ball
2-2: Foul Ball, location: 2F
2-2: Ball
3-2: Base on Balls
Batting: LHB Mauricio Gracia 0-0: Called Strike
0-1: SINGLE (Line Drive, 8LS, EV 102.5 MPH)
Lawrence Grahek to second
Batting: LHB Steven Mobberley 0-0: Foul Ball, location: 2F
0-1: Ball
1-1: Ball
2-1: Ball
3-1: Foul Ball, location: 2F
3-2: Foul Ball, location: 2F
3-2: Foul Ball, location: 2F
3-2: SINGLE (Line Drive, 6MD, EV 110.6 MPH)
Lawrence Grahek to third
Mauricio Gracia to second
Runner from 3rd tries for Home, SAFE, throw by CF to home
Batting: RHB Kelly Heath 0-0: Ball
1-0: Called Strike
1-1: Ball
2-1: Ball
3-1: Called Strike
3-2: Base on Balls
Mauricio Gracia to third
Steven Mobberley to second
Batting: LHB Joe Lefebvre 0-0: Called Strike
0-1: Foul Ball, location: 2F
0-2: Fly out, F9 (Line Drive, 9D, EV 108.1 MPH)
Runner from 3rd tags up, SCORES, no throw by RF
Steven Mobberley to third
Batting: LHB John Tucker 0-0: Ball
1-0: Called Strike
1-1: Ball
2-1: Foul Ball, location: 2F
2-2: SINGLE (Groundball, 56D, EV 93.8 MPH)
Steven Mobberley scores
Kelly Heath to second
Batting: RHB Gordy Hodgson 0-0: Ball
1-0: Called Strike
1-1: Ball
2-1: Foul Ball, location: 2F
2-2: Foul Ball, location: 2F
2-2: Fly out, F9 (Flyball, 89D, EV 82.5 MPH)
Top of the 6th over - 3 runs, 3 hits, 0 errors, 2 left on base; Louisville 5 - Richmond 1
BOTTOM OF THE 6TH
Richmond Braves batting - Pitching for Louisville Stallions : RHP Roger Alexander
Batting: RHB Mike Fuentes 0-0: Called Strike
0-1: Hit by Pitch
Batting: SHB Howard Johnson 0-0: Foul Ball, location: 2F
0-1: Ball
1-1: Foul Ball, location: 2F
1-2: Ball
2-2: Fielders Choice at 2nd, 1-6 (Groundball, P, EV 65.0 MPH)
Batting: LHB Chris Evans 0-0: Ball
1-0: Foul Ball, location: 2F
1-1: Ball
2-1: Fly out, F8 (Flyball, 8LS, EV 78.1 MPH)
Batting: RHB John Freitas 0-0: Ball
1-0: Ball
2-0: Foul Ball, location: 2F
2-1: Ball
3-1: Called Strike
Pickoff Throw to First - Error! E1
Howard Johnson to second
3-2: SINGLE (Groundball, 4MD, EV 95.0 MPH)
Howard Johnson to third
Howard Johnson scores
Batting: LHB Matt Winters 0-0: Called Strike
0-1: Called Strike
0-2: Ball
1-2: Ball
2-2: Strikes out looking
Bottom of the 6th over - 1 run, 1 hit, 1 error, 1 left on base; Louisville 5 - Richmond 2
TOP OF THE 7TH
Louisville Stallions batting - Pitching for Richmond Braves : RHP Mike Allen
Pitching: LHP Javier Cruc
Batting: SHB Harry Chappas 0-0: Ball
1-0: Called Strike
1-1: Foul Ball, location: 2F
1-2: Ball
2-2: Strikes out swinging
Batting: LHB Ted May 0-0: Called Strike
0-1: Swinging Strike
0-2: Strikes out swinging
Batting: LHB Lawrence Grahek 0-0: Called Strike
0-1: SINGLE (Flyball, 89S, EV 91.9 MPH)
Batting: LHB Mauricio Gracia 0-0: Called Strike
0-1: Called Strike
0-2: Foul Ball, location: 2F
0-2: Fly out, F2 (Popup, 13S, EV 81.9 MPH)
Top of the 7th over - 0 runs, 1 hit, 0 errors, 1 left on base; Louisville 5 - Richmond 2
BOTTOM OF THE 7TH
Richmond Braves batting - Pitching for Louisville Stallions : RHP Roger Alexander
Batting: RHB Craig Kusick 0-0: Ball
1-0: Ball
2-0: Ball
3-0: Base on Balls
Batting: SHB Julio Cruz 0-0: Ball
1-0: Ball
2-0: Ball
3-0: Called Strike
3-1: Bunted foul
3-2: Fly out, F7 (Flyball, 7LD, EV 96.3 MPH)
Batting: SHB Donnie Scott 0-0: Ball
1-0: Called Strike
1-1: Swinging Strike
1-2: Strikes out swinging
Batting: RHB Dave Stegman 0-0: Foul Ball, location: 2F
0-1: Swinging Strike
0-2: Strikes out swinging
Bottom of the 7th over - 0 runs, 0 hits, 0 errors, 1 left on base; Louisville 5 - Richmond 2
TOP OF THE 8TH
Louisville Stallions batting - Pitching for Richmond Braves : LHP Javier Cruc
Batting: LHB Steven Mobberley 0-0: Called Strike
0-1: Swinging Strike
0-2: Ball
1-2: Ball
2-2: Ball
3-2: Foul Ball, location: 2F
3-2: SINGLE (Groundball, P, EV 88.8 MPH) (infield hit)
Batting: RHB Kelly Heath 0-0: Bunted foul
0-1: Sac Bunt to 3S - play at first, batter OUT! 3-4
Steven Mobberley to second
Batting: LHB Joe Lefebvre 0-0: Ball
1-0: Ball
2-0: Ball
3-0: Called Strike
3-1: Called Strike
3-2: Ground out 4-3 (Groundball, 4, EV 94.4 MPH)
Steven Mobberley to third
Batting: LHB John Tucker 0-0: Ball
1-0: Called Strike
1-1: Called Strike
1-2: Ball
2-2: Fly out, F9 (Line Drive, 9, EV 84.4 MPH)
Top of the 8th over - 0 runs, 1 hit, 0 errors, 1 left on base; Louisville 5 - Richmond 2
BOTTOM OF THE 8TH
Richmond Braves batting - Pitching for Louisville Stallions : RHP Roger Alexander
Batting: RHB Mike Fuentes 0-0: Called Strike
0-1: Foul Ball, location: 2F
0-2: Ball
1-2: Fly out, F3 (Flyball, 3D, EV 94.4 MPH)
Batting: SHB Howard Johnson 0-0: Fly out, F8 (Flyball, 78M, EV 83.1 MPH)
Batting: LHB Chris Evans 0-0: Ball
1-0: Fly out, F8 (Flyball, 78M, EV 91.3 MPH)
Bottom of the 8th over - 0 runs, 0 hits, 0 errors, 0 left on base; Louisville 5 - Richmond 2
TOP OF THE 9TH
Louisville Stallions batting - Pitching for Richmond Braves : LHP Javier Cruc
Batting: RHB Gordy Hodgson 0-0: Foul Ball, location: 2F
0-1: Ball
1-1: Ball
2-1: Foul Ball, location: 2F
2-2: Ball
3-2: Strikes out swinging
Batting: SHB Harry Chappas 0-0: Called Strike
0-1: Ground out 4-3 (Groundball, 34, EV 87.5 MPH)
Batting: LHB Ted May 0-0: Ball
1-0: Ball
2-0: Swinging Strike
2-1: Ball
3-1: Fly out, F5 (Popup, 25F, EV 91.9 MPH)
Top of the 9th over - 0 runs, 0 hits, 0 errors, 0 left on base; Louisville 5 - Richmond 2
BOTTOM OF THE 9TH
Richmond Braves batting - Pitching for Louisville Stallions : RHP Roger Alexander
Batting: RHB John Freitas 0-0: Ball
1-0: Foul Ball, location: 2F
1-1: Called Strike
1-2: Ball
2-2: Ball
3-2: Base on Balls
Batting: LHB Matt Winters 0-0: Ball
1-0: Ball
2-0: Foul Ball, location: 2F
2-1: Foul Ball, location: 2F
2-2: Ball
3-2: Fielders Choice at 2nd, 3-6 (Groundball, 3, EV 89.4 MPH)
Batting: RHB Craig Kusick 0-0: Called Strike
0-1: Ball
Passed Ball!
Matt Winters to second
1-1: Swinging Strike
1-2: Foul Ball, location: 2F
1-2: Ball
2-2: Ball
3-2: Base on Balls
Pitching: RHP Al Gallegos
Pinch Hitting: LHB Dan Rohn 0-0: Called Strike
0-1: Ball
1-1: Ball
2-1: Foul Ball, location: 2F
2-2: Grounds into double play, 6-4-3 (Groundball, 56, EV 83.8 MPH)
Bottom of the 9th over - 0 runs, 0 hits, 0 errors, 1 left on base; Louisville 5 - Richmond 2
Monday, August 3rd, 2020 - OOTP Baseball 21.5 Build 76